Description

For this build guide I wanted to show the power of good macro and the power of mutas. Toxic Nest placement is good for early Biomass and the Evos. You don't need many Queens as they are only for Transfuse. Priorities should be ultimate Evos and then Muta Upgrades. You can clear the map and then put all your extra minerals into static defense.

VOD

https://www.youtube.com/watch?v=VfKjd2VTpsQ

Replay - Best_Build_Abathur_Easy_Expo

Build Order

Get SALT Encoding   

  12  0:03  Drone  
  13  0:12  Drone  
  14  0:28  Overlord  
  14  0:55  Drone x5  
  19  1:04  Drone  
  20  1:20  Roach Warren  
  19  1:54  Spine Crawler  
  18  2:00  Spine Crawler  
  17  2:11  Drone x2  
  17  2:12  Extractor x2  
  20  2:26  Overlord  
  23  3:00  Evolution Chamber  
  22  3:23  Hatchery  
  22  3:29  Roach  
  23  3:40  Lair  
  29  4:29  Infestation Pit  
  30  4:58  Hive  
  30  4:59  Extractor x2  
  30  5:13  Roach  
  33  5:30  Roach  
  33  5:32  Overlord  
  33  5:35  Brutalisk  
  35  5:46  Spire  
  35  5:49  Roach  
  36  6:02  Overlord  
  38  6:34  Sundering Glave  
  46  7:07  Queen  
  52  7:30  Overlord  
  52  7:55  Roach x2  
  52  8:17  Brutalisk x2  
  52  8:18  Queen  
  52  8:33  Mutalisk x3  
  60  8:45  Queen x2  
  66  8:33  Vicious Glave  
  66  9:38  Bio-Mechanical Transfusion  
  66  9:42  Rapid Regeneration  
  66  9:58  Overseer x2  
Spawning Tool Build Advisor. Get it on Overwolf

Analysis

This is the highest DPS that I think Abathur can produce, including:

  • Mutalisks
  • Ultimate Evolutions
  • Queens

and as many upgrades as quickly as possible.

Go to:

Details

  • Created by: hunter      
  • Published on: Jun 03, 2018
  • Modified on: Jul 18, 2018
  • Patch: 4.0.0
  • Difficulty: Easy
Show
View Real Time Build Order
Export as new Build Order

Comments (0)

There are no comments. Be the first!

Create an account to comment!